 Dungeon Crawl Stone Soup version 0.21.1-1-g345015f (webtiles) character file.

2335 sking99 the Grappler (level 9, -4/85 HPs)
             Began as a Troll Monk on July 2, 2018.
             Was a Believer of the Shining One.
             Slain by a wyvern (13 damage)
             ... on level 5 of the Dungeon.
             The game lasted 00:12:45 (4435 turns).

sking99 the Grappler (Troll Monk)                   Turns: 4435, Time: 00:12:46

Health: -4/85      AC:  6    Str: 21    XL:     9   Next: 19%
Magic:  8/8        EV:  9    Int:  6    God:    the Shining One [**....]
Gold:   366        SH: 15    Dex: 15    Spells: 8/8 levels left

rFire    . . .     SeeInvis .     - Unarmed
rCold    . . .     Gourm    +   q - +0 shield
rNeg     + . .     Faith    .   a - +1 robe
rPois    .         Spirit   .   (helmet restricted)
rElec    .         Reflect  .   (no cloak)
rCorr    .         Harm     .   (gloves unavailable)
MR       .....                  (boots unavailable)
Stlth    +.........             o - amulet of rage
HPRegen  0.64/turn              (no ring)
MPRegen  0.11/turn              (no ring)

@: divine shield, glowing
A: large, unfitting armour, claws 3, fast metabolism 3, gourmand, regeneration
1, shaggy fur 1, tough skin 2
a: Divine Shield, Renounce Religion, Evoke Berserk Rage


You were on level 5 of the Dungeon.
You worshipped the Shining One.
The Shining One was pleased with you.
You were very full.

You visited 2 branches of the dungeon, and saw 7 of its levels.
You also visited: Ossuary.

You collected 366 gold pieces.

Inventory:

Missiles
 x - 3 throwing nets (quivered)
Armour
 a - a +1 robe (worn)
 q - a +0 shield (worn)
Jewellery
 o - an amulet of rage (around neck)
 v - a +6 ring of intelligence {unknown}
Wands
 r - a wand of iceblast (11)
Scrolls
 d - a scroll of noise
 e - 5 scrolls of identify
 h - 5 scrolls of remove curse
 j - a scroll of enchant weapon
 m - 3 scrolls of teleportation
 s - a scroll of magic mapping
 u - a scroll of enchant armour
 w - a scroll of immolation
Potions
 c - 3 potions of invisibility {unknown}
 f - 2 potions of lignification {unknown}
 g - 4 potions of brilliance {unknown}
 i - 2 potions of magic
 k - 5 potions of curing {unknown}
 l - a potion of flight {unknown}
 n - 3 potions of heal wounds {unknown}
 p - a potion of resistance {unknown}
 t - a potion of might {unknown}
 A - a potion of degeneration {unknown}
Comestibles
 b - 7 rations
 z - 3 chunks of flesh


   Skills:
 - Level 4.3 Fighting
 - Level 2.4 Dodging
 - Level 1.0 Stealth
 + Level 4.4 Shields
 * Level 10.5 Unarmed Combat


You had 8 spell levels left.
You didn't know any spells.

Dungeon Overview and Level Annotations

Branches:
Dungeon (6/15)             Temple (1/1) D:5

Altars:
Ashenzari
Cheibriados
Dithmenos
Elyvilon
Fedhas
Gozag
Hepliaklqana
Kikubaaqudgha
Makhleb
Nemelex Xobeh
Okawaru
Qazlal
Trog
Uskayaw
Vehumet
Wu Jian
Yredelemnul
Zin
The Shining One

Shops:
D:4 (

Annotations:
D:6 Pikel


Innate Abilities, Weirdness & Mutations

You are too large for most types of armour.
You have claws for hands.
Your metabolism is lightning-fast.
You like to eat raw meat.
Your natural rate of healing is unusually fast.
You are covered in fur. (AC +1)
You have very tough skin. (AC +2)


Message History

You block the wyvern's attack. The worker ant misses you.
You mangle the worker ant!!
You kill the worker ant!
The wyvern bites you.
* * * LOW HITPOINT WARNING * * *
You block the wyvern's attack.
A crimson imp comes into view.
The crimson imp blinks!
The wyvern barely misses you. The wyvern bites you!
* * * LOW HITPOINT WARNING * * *
Unknown command.
You block the wyvern's attack.
There is an escape hatch in the ceiling here.
You block the wyvern's attack. A mysterious force pulls you upwards.
The hatch slams shut behind you. You block the wyvern's attack. x2
You block the wyvern's attack. The wyvern barely misses you.
The wyvern bites you!
You die...

#<#
#####.##.......#...
#.#
#..................
#.#
#.#.#.#####..(...>.
#.# #.#.#.#
#.####>..
###.###.#.#.# #.#
##..
#...........#####.#
#..
#.###.#.#.###.....#
#..
#.###.............#
#..
#....##.@.###.#####
##(
####.##l#.###รท# #.
#.#.###.##.# #.
#.##.#.###.# #.
#.###..###.## #.
#.#
#..##...#########.
#.#
#..##.............
#.#
#..##...####.#####
#.# #......## #.#


You could see a wyvern.

Vanquished Creatures
  The ghost of bmj180 the Slasher, a novice MiFi of Okawaru (D:6)
  The ghost of Tallim the Gusty, an amateur DrAE of Qazlal (D:3)
  Eustachio (D:6)
  A sky beast (D:6)
  An ogre (D:6)
  3 bullfrogs (D:6)
  Blork the orc (D:4)
  An elf zombie (Ossuary)
  A water moccasin skeleton (D:4)
  A scorpion (D:4)
  3 wights (D:6)
  A bullfrog zombie (D:5)
  A centaur zombie (Ossuary)
  A bullfrog skeleton (D:6)
  A human zombie (Ossuary)
  2 orc priests
  A hound (D:4)
  2 orc wizards (D:4)
  A centaur skeleton (D:6)
  An iguana (D:6)
  5 worker ants
  3 mummies
  4 gnolls (D:3)
  10 adders
  2 oozes
  2 adder zombies (Ossuary)
  3 dart slugs
  5 leopard geckos
  12 orcs
  2 giant cockroaches
  3 goblins
  14 hobgoblins
  4 jackals
  6 kobolds
  4 quokkas
  A ball python (D:5)
  11 bats
  6 frilled lizards
  A goblin zombie (Ossuary)
  11 hobgoblin zombies (Ossuary)
  A jackal zombie (Ossuary)
  10 kobold zombies
  12 orc zombies
  A quokka skeleton (D:4)
  8 rats
  A rat zombie (Ossuary)
168 creatures vanquished.

Notes
Turn   | Place    | Note
-------+----------+-------------------------------------------
     0 | D:1      | sking99 the Troll Monk began the quest for the Orb.
     0 | D:1      | Reached XP level 1. HP: 22/22 MP: 0/0
    96 | D:1      | Reached XP level 2. HP: 27/29 MP: 1/1
   512 | D:2      | Reached XP level 3. HP: 36/36 MP: 2/2
   531 | D:2      | Reached skill level 4 in Unarmed Combat
   611 | D:2      | Found a shattered altar of Ashenzari.
   650 | D:2      | Reached XP level 4. HP: 45/45 MP: 3/3
   689 | D:2      | Found an opulent altar of Gozag.
   895 | D:2      | Found a bloodstained altar of Trog.
  1366 | D:3      | Noticed Tallim's ghost (amateur DrAE)
  1399 | D:3      | Killed Tallim's ghost
  1399 | D:3      | Reached skill level 6 in Unarmed Combat
  1399 | D:3      | Reached XP level 5. HP: 31/54 MP: 4/4
  1399 | D:3      | Reached XP level 6. HP: 35/62 MP: 5/5
  1686 | D:3      | Found a shadowy altar of Dithmenos.
  2064 | D:4      | Found a sand-covered staircase.
  2076 | Ossuary  | Entered an ossuary
  2213 | Ossuary  | Reached XP level 7. HP: 20/70 MP: 6/6
  2481 | D:4      | Reached skill level 7 in Unarmed Combat
  2596 | D:4      | Found Runilen's Antique Weapon Boutique.
  2605 | D:4      | Noticed Blork the orc
  2617 | D:4      | Killed Blork the orc
  2617 | D:4      | Reached skill level 1 in Shields
  2751 | D:4      | Found a burning altar of Makhleb.
  2895 | D:4      | Found a blossoming altar of Fedhas.
  2909 | D:4      | Found a sparkling altar of Nemelex Xobeh.
  2929 | D:4      | Reached skill level 8 in Unarmed Combat
  3216 | D:5      | Entered Level 5 of the Dungeon
  3216 | D:5      | Found a staircase to the Ecumenical Temple.
  3233 | Temple   | Entered the Ecumenical Temple
  3576 | D:5      | Found a glowing golden altar of the Shining One.
  3627 | D:5      | Became a worshipper of the Shining One
  3627 | D:5      | Reached * piety under the Shining One
  3627 | D:5      | Reached ** piety under the Shining One
  3759 | D:5      | Noticed a dagger
  3759 | D:5      | Found a hide-covered altar of Uskayaw.
  3759 | D:5      | Noticed a hand axe
  4037 | D:6      | Reached XP level 8. HP: 72/79 MP: 7/7
  4259 | D:6      | Reached skill level 9 in Unarmed Combat
  4375 | D:6      | Noticed bmj180's ghost (novice MiFi)
  4391 | D:6      | Killed bmj180's ghost
  4391 | D:6      | Reached skill level 10 in Unarmed Combat
  4397 | D:6      | Noticed Pikel
  4397 | D:6      | Reached XP level 9. HP: 29/85 MP: 8/8
  4406 | D:6      | Noticed Eustachio
  4412 | D:6      | Killed Eustachio
  4423 | D:6      | HP: 1/85 [wyvern (15)]
  4435 | D:5      | Slain by a wyvern

Skill      XL: |  1  2  3  4  5  6  7  8 |
---------------+-------------------------+-----
Unarmed Combat | 4 6 8 10 | 10.5
Fighting       | 3 4 |  4.3
Shields        | 2 4 |  4.4
Dodging        | |  2.4
Stealth        | |  1.0

Action                   |  1- 3 |  4- 6 |  7- 9 || total
-------------------------+-------+-------+-------++-------
Melee: Unarmed           |    96 |   158 |   216 ||   470
       Punch             |       |     3 |     1 ||     4
Invok: Divine Shield     |       |       |     1 ||     1
  Use: Scroll            |       |     8 |     3 ||    11
 Stab: Sleeping          |       |     5 |       ||     5
  Eat: Chunk             |    11 |    14 |    21 ||    46
Armor: Robe              |    35 |    44 |    42 ||   121
Dodge: Dodged            |    61 |    84 |    52 ||   197
Block: Shield            |       |       |    56 ||    56
